Little Stars vs Reign

Created - March 6, 2024 at 20:29

Goals
1 2 3 T
Little Stars 0 2 2 4
Reign 0 3 2 5
Shots
1 2 3 T
Little Stars 5 22 5 32
Reign 5 19 16 40

1st period

No Goal

Penalties :
No Penalty

2nd period

1. Reign , Brady Tkachuk 26 (Quinn Hughes 29, Kevin Fiala 38) at 0:34
2. Little Stars , Emile Poirier 17 (Jason Dickinson 27, Evan Bouchard 19) at 1:23
3. Reign , Zemgus Girgensons 15 (Nick Suzuki 46, Jesperi Kotkaniemi 7) at 6:26
4. Little Stars , Ilya Mikheyev 25 (Joakim Nygard 34, Daniel O'regan 58) at 7:27
5. Reign , Zemgus Girgensons 16 (Jesse Puljujarvi 28, Nick Suzuki 47) at 9:39

Penalties :
Shane Gersich (Tex) for Roughing (Minor) at 2:00, Quinn Hughes (Ont) for Charging (Minor) at 11:01, Ilya Mikheyev (Tex) for Charging (Minor) at 11:09

3rd period

6. Little Stars , Collin Miller 1 (Jason Dickinson 28, Danil Tarasov) at 1:34 (PP)
7. Reign , Kevin Fiala 18 (Brady Tkachuk 28) at 5:38
8. Little Stars , Daniel O'regan 37 (Joakim Nygard 35, Ilya Mikheyev 50) at 9:37
9. Reign , Yegor Sharangovich 14 (Samuel Girard 21) at 15:56 (PP)

Penalties :
Jesperi Kotkaniemi (Ont) for Tripping (Minor) at 1:25, Jason Dickinson (Tex) for Roughing (Minor) at 6:18, Brady Tkachuk (Ont) for Interference (Minor) at 10:57, Ilya Mikheyev (Tex) for Roughing (Minor) at 15:01

Goalie Stats

Danil Tarasov (Tex), 35 saves from 40 shots - (0.875), L, 8-6-2, 58:55 minutes
Ukko-Pekka Luukkonen (Ont), 28 saves from 32 shots - (0.875), W, 7-6-2, 60:00 minutes

Players Stats for Little Stars

Player Name              G  A  P  +/- PIM S  H  SB GA TA FO     MP     PP MP  PK MP  
------------------------------------------------------------------------------------
Cal Burke                0  0  0   0  0   2  1  0  0  0  0/0     9:22   0:00   0:00 
Collin Miller            1  0  1  -2  0   3  1  2  0  0  0/0    27:13   1:37   3:15 
Connor Mackey            0  0  0   1  0   1  1  1  0  1  0/0    12:00   0:00   0:05 
Daniel O'regan           1  1  2   0  0   4  2  0  0  1  15/33  22:46   1:29   2:55 
Emile Poirier            1  0  1  -1  0   4  0  0  0  0  0/0    12:09   0:00   1:24 
Evan Bouchard            0  1  1   0  0   0  1  0  0  0  0/0    20:33   0:39   1:41 
Filip Chytil             0  0  0   0  0   1  1  0  1  0  0/1    10:43   0:00   1:03 
Ilya Mikheyev            1  1  2   0  4   3  2  0  0  0  1/3    18:39   1:28   0:00 
Jason Dickinson          0  2  2   0  2   2  1  0  0  0  8/10   16:00   0:47   0:50 
Joakim Nygard            0  2  2   0  0   4  0  2  0  1  2/2    21:35   1:29   2:38 
Jonathan Dahlen          0  0  0   0  0   3  0  0  0  0  0/0     9:38   0:00   0:16 
Justin Auger             0  0  0  -1  0   0  0  0  0  1  0/0    10:08   0:00   0:00 
Lawrence Pilut           0  0  0   1  0   0  0  0  0  0  0/0    10:46   0:00   0:00 
Matt Luff                0  0  0   0  0   1  0  0  0  2  0/1    15:12   0:47   0:00 
Radel Fazleev            0  0  0  -1  0   0  2  0  0  2  1/7    10:06   0:00   0:00 
Reece Willcox            0  0  0   0  0   1  1  1  0  0  0/0    20:33   0:39   1:41 
Shane Gersich            0  0  0   0  2   1  2  0  0  0  0/0    17:00   0:47   0:56 
Wiley Sherman            0  0  0  -2  0   2  0  1  1  1  0/0    28:41   1:37   3:20 

Players Stats for Reign

Player Name              G  A  P  +/- PIM S  H  SB GA TA FO     MP     PP MP  PK MP  
------------------------------------------------------------------------------------
Alexander Romanov        0  0  0  -1  0   0  0  0  0  0  0/0     7:46   0:08   0:00 
Brady Tkachuk            1  1  2   1  2   3  3  0  2  0  0/0    17:56   2:52   0:00 
Brendan Perlini          0  0  0  -2  0   4  1  0  0  1  0/0    15:41   2:07   0:34 
Christian Fischer        0  0  0   1  0   0  4  0  0  0  11/24  17:13   2:15   0:00 
Darroll Powe             0  0  0  -2  0   2  3  1  0  0  5/6    15:11   0:00   1:14 
Devon Teows              0  0  0   1  0   0  2  0  0  0  0/0    14:19   0:08   1:22 
Jacob Larsson            0  0  0   1  0   0  0  0  0  1  0/0    15:20   1:28   0:15 
Jesperi Kotkaniemi       0  1  1   0  2   0  0  0  0  0  1/3     7:30   0:00   0:00 
Jesse Puljujarvi         0  1  1   2  0   2  1  0  0  0  1/1    18:19   2:44   0:00 
Josh Anderson            0  0  0   0  0   1  1  0  1  0  0/0     9:33   0:02   0:28 
Kevin Fiala              1  1  2   1  0   3  2  0  0  0  0/2    17:31   1:28   0:28 
Lias Andersson           0  0  0   0  0   3  1  0  0  0  0/0     9:12   0:02   1:14 
Michael Anderson         0  0  0  -1  0   0  0  0  0  0  0/0     6:47   0:00   0:00 
Miro Heiskanen           0  0  0   0  0   1  1  1  0  0  0/0    13:55   0:00   0:39 
Nick Suzuki              0  2  2   2  0   7  0  0  0  0  12/20  18:19   2:44   0:00 
Nicolas Hague            0  0  0   1  0   1  2  1  0  0  0/0    20:19   0:00   1:22 
Quinn Hughes             0  1  1   1  2   4  2  1  5  0  0/0    23:04   3:33   0:39 
Samuel Girard            0  1  1   0  0   3  0  0  0  0  0/0    17:41   3:25   0:15 
Yegor Sharangovich       1  0  1  -2  0   3  0  0  0  0  0/0    14:42   2:07   0:00 
Zemgus Girgensons        2  0  2   2  0   3  2  1  1  0  0/1    15:32   0:02   0:34 

3 Stars

1 - Zemgus Girgensons (Ont)
2 - Kevin Fiala (Ont)
3 - Brady Tkachuk (Ont)

Power Play

Little Stars - 1 on 3 Attempt(s) - 33.33%
Reign - 1 on 4 Attempt(s) - 25.00%

Penalty Kill

Little Stars - 3 on 4 Attempt(s) - 75.00% - Score 0 goal in Penalty Kill
Reign - 2 on 3 Attempt(s) - 66.67% - Score 0 goal in Penalty Kill

Team Stat

Little Stars - Hits : 15 - Faceoff Wins : 27 - Blocked Shots : 7 - Penalty Minutes : 8
Reign - Hits : 25 - Faceoff Wins : 30 - Blocked Shots : 5 - Penalty Minutes : 6

Official

Referees : Reid Anderson and Chris Rooney
Linesman : Derek Amell and Greg Devorski

Game Notes

No Game Note

Finance

Level 1 -- Attendance: 1770 (88.50%) -- Ticket Income $123,900
Level 2 -- Attendance: 857 (85.70%) -- Ticket Income $34,280
Total Attendance: 2627 (87.57%)
Total Ticket Income: $158,180
Other Income: $7,909
Total Income: $166,089

Little Stars

5 vs 5 Forward 
   Center                   Left Wing                Right Wing               Time % Phy DF OF 
 1 Daniel O'regan           Joakim Nygard            Ilya Mikheyev            40     1   2  2  
 2 Jason Dickinson          Shane Gersich            Matt Luff                30     1   2  2  
 3 Radel Fazleev            Emile Poirier            Justin Auger             20     1   2  2  
 4 Filip Chytil             Jonathan Dahlen          Cal Burke                10     1   2  2  

5 vs 5 Defense 
   Defense                  Defense                                           Time % Phy DF OF 
 1 Wiley Sherman            Collin Miller                                     40     1   2  2  
 2 Reece Willcox            Evan Bouchard                                     30     1   2  2  
 3 Connor Mackey            Lawrence Pilut                                    20     1   2  2  
 4 Wiley Sherman            Collin Miller                                     10     1   2  2  

PowerPlay Forward 
   Center                   Left Wing                Right Wing               Time % Phy DF OF 
 1 Daniel O'regan           Joakim Nygard            Ilya Mikheyev            60     1   2  2  
 2 Jason Dickinson          Shane Gersich            Matt Luff                40     1   2  2  

PowerPlay Defense
   Defense                  Defense                                           Time % Phy DF OF 
 1 Wiley Sherman            Collin Miller                                     60     1   2  2  
 2 Reece Willcox            Evan Bouchard                                     40     1   2  2  

Penalty Kill 4 Players Forward 
   Center                   Wing                     Time % Phy DF OF 
 1 Daniel O'regan           Joakim Nygard            60     1   2  2  
 2 Jason Dickinson          Shane Gersich            40     1   2  2  

Penalty Kill 4 Players Defense
   Defense                  Defense                  Time % Phy DF OF 
 1 Wiley Sherman            Collin Miller            60     1   2  2  
 2 Reece Willcox            Evan Bouchard            40     1   2  2  

Penalty Kill - 3 Players Forward 
   Forward                                           Time % Phy DF OF 
 1 Daniel O'regan                                    60     1   2  2  
 2 Jason Dickinson                                   40     1   2  2  

Penalty Kill - 3 Players Defense
   Defense                  Defense                  Time % Phy DF OF 
 1 Wiley Sherman            Collin Miller            60     1   2  2  
 2 Reece Willcox            Evan Bouchard            40     1   2  2  

4 vs 4 Forward 
   Center                   Wing                     Time % Phy DF OF 
 1 Daniel O'regan           Joakim Nygard            60     1   2  2  
 2 Jason Dickinson          Shane Gersich            40     1   2  2  

4 vs 4 Defense
   Defense                  Defense                  Time % Phy DF OF 
 1 Wiley Sherman            Collin Miller            60     1   2  2  
 2 Reece Willcox            Evan Bouchard            40     1   2  2  

Last Minutes Offensive
   Center                   Left Wing                Right Wing               Defense                  Defense                  
   Daniel O'regan           Joakim Nygard            Ilya Mikheyev            Wiley Sherman            Collin Miller            

Last Minutes Defensive
   Center                   Left Wing                Right Wing               Defense                  Defense                  
   Daniel O'regan           Joakim Nygard            Ilya Mikheyev            Wiley Sherman            Collin Miller            

Goaltenders
Starting : Danil Tarasov            
Backup : Michael Houser           

Extra Forwards
Normal : Shane Gersich, Matt Luff, Emile Poirier - PP : Shane Gersich, Matt Luff - PK : Shane Gersich
Extra Defensemen
Normal : Evan Bouchard, Connor Mackey, Lawrence Pilut - PP : Evan Bouchard - PK : Evan Bouchard, Connor Mackey
Penalty Shots
Ilya Mikheyev, Daniel O'regan, Joakim Nygard, Jason Dickinson, Shane Gersich
Custom OT Lines Forwards
Ilya Mikheyev, Daniel O'regan, Joakim Nygard, Jason Dickinson, Shane Gersich, Matt Luff, Emile Poirier, Justin Auger, Radel Fazleev, Jonathan Dahlen
Custom OT Lines Defensemen
Wiley Sherman, Collin Miller, Reece Willcox, Evan Bouchard, Connor Mackey

Scratches
Jack McBain (Healthy), Jean-Christophe Beaudin (Healthy), Rudolfs Balcers (Healthy), Tucker Poolman (Right Leg Injury), Ville Pokka (Groin Injury)
Yakov Trenin (Healthy), Joey Anderson (Healthy), Givani Smith (Healthy), Blade Jenkins (Healthy), Bulat Shafigullin (Healthy)
Michael Giugovaz (Healthy)

Reign

5 vs 5 Forward 
   Center                   Left Wing                Right Wing               Time % Phy DF OF 
 1 Nick Suzuki              Zemgus Girgensons        Jesse Puljujarvi         35     1   2  2  
 2 Christian Fischer        Brady Tkachuk            Kevin Fiala              35     1   2  2  
 3 Darroll Powe             Brendan Perlini          Yegor Sharangovich       25     1   2  2  
 4 Jesperi Kotkaniemi       Lias Andersson           Josh Anderson            5      1   2  2  

5 vs 5 Defense 
   Defense                  Defense                                           Time % Phy DF OF 
 1 Quinn Hughes             Nicolas Hague                                     40     1   2  2  
 2 Jacob Larsson            Devon Teows                                       25     1   2  2  
 3 Miro Heiskanen           Samuel Girard                                     25     1   2  2  
 4 Alexander Romanov        Michael Anderson                                  10     1   2  2  

PowerPlay Forward 
   Center                   Left Wing                Right Wing               Time % Phy DF OF 
 1 Nick Suzuki              Brady Tkachuk            Jesse Puljujarvi         60     1   2  2  
 2 Christian Fischer        Brendan Perlini          Yegor Sharangovich       40     1   2  2  

PowerPlay Defense
   Defense                  Defense                                           Time % Phy DF OF 
 1 Samuel Girard            Quinn Hughes                                      60     1   2  2  
 2 Kevin Fiala              Jacob Larsson                                     40     1   2  2  

Penalty Kill 4 Players Forward 
   Center                   Wing                     Time % Phy DF OF 
 1 Darroll Powe             Lias Andersson           60     1   2  2  
 2 Josh Anderson            Kevin Fiala              40     1   2  2  

Penalty Kill 4 Players Defense
   Defense                  Defense                  Time % Phy DF OF 
 1 Devon Teows              Nicolas Hague            60     1   2  2  
 2 Miro Heiskanen           Quinn Hughes             40     1   2  2  

Penalty Kill - 3 Players Forward 
   Forward                                           Time % Phy DF OF 
 1 Darroll Powe                                      60     1   2  2  
 2 Josh Anderson                                     40     1   2  2  

Penalty Kill - 3 Players Defense
   Defense                  Defense                  Time % Phy DF OF 
 1 Devon Teows              Nicolas Hague            60     1   2  2  
 2 Miro Heiskanen           Quinn Hughes             40     1   2  2  

4 vs 4 Forward 
   Center                   Wing                     Time % Phy DF OF 
 1 Nick Suzuki              Jesse Puljujarvi         60     1   2  2  
 2 Christian Fischer        Brady Tkachuk            40     1   2  2  

4 vs 4 Defense
   Defense                  Defense                  Time % Phy DF OF 
 1 Quinn Hughes             Nicolas Hague            60     1   2  2  
 2 Miro Heiskanen           Samuel Girard            40     1   2  2  

Last Minutes Offensive
   Center                   Left Wing                Right Wing               Defense                  Defense                  
   Nick Suzuki              Brady Tkachuk            Jesse Puljujarvi         Quinn Hughes             Samuel Girard            

Last Minutes Defensive
   Center                   Left Wing                Right Wing               Defense                  Defense                  
   Darroll Powe             Kevin Fiala              Josh Anderson            Devon Teows              Nicolas Hague            

Goaltenders
Starting : Ukko-Pekka Luukkonen     
Backup : Justus Annunen           

Extra Forwards
Normal : Christian Fischer, Brady Tkachuk, Brendan Perlini - PP : Zemgus Girgensons, Lias Andersson - PK : Zemgus Girgensons
Extra Defensemen
Normal : Jacob Larsson, Samuel Girard, Alexander Romanov - PP : Michael Anderson - PK : Jacob Larsson, Samuel Girard
Penalty Shots
Zemgus Girgensons, Darroll Powe, Jesse Puljujarvi, Kevin Fiala, Josh Anderson
Custom OT Lines Forwards
Zemgus Girgensons, Nick Suzuki, Jesse Puljujarvi, Kevin Fiala, Christian Fischer, Brendan Perlini, Brady Tkachuk, Darroll Powe, Josh Anderson, Yegor Sharangovich
Custom OT Lines Defensemen
Quinn Hughes, Nicolas Hague, Miro Heiskanen, Devon Teows, Samuel Girard

Scratches
Chandler Stephenson (Healthy), Joel Kiviranta (Healthy), Michael McCarron (Healthy), Hunter Drew (Healthy), Roman Josi (Healthy)
Michael Pezzetta (Healthy)

% Time on Ice - Little Stars

Lines # - Real PCT - Wanted PCT - Time Play
Normal Forward
1 - 33% - 40% - 16:18
2 - 28% - 30% - 13:50
3 - 20% - 20% - 10:08
4 - 19% - 10% - 9:22
Normal Defense
1 - 38% - 40% - 19:06
2 - 35% - 30% - 17:19
3 - 22% - 20% - 10:46
4 - 5% - 10% - 2:27
PP Forward
1 - 65% - 60% - 1:29
2 - 35% - 40% - 0:47
PP Defense
1 - 71% - 60% - 1:37
2 - 29% - 40% - 0:39
PK Forward
1 - 79% - 60% - 3:58
2 - 21% - 40% - 1:03
PK Defense
1 - 66% - 60% - 3:20
2 - 34% - 40% - 1:41
PK3 Forward
1 - 0% - 60%
2 - 0% - 40%
PK3 Defense
1 - 0% - 60%
2 - 0% - 40%
44 Forward
1 - 76% - 60% - 1:24
2 - 24% - 40% - 0:27
44 Defense
1 - 51% - 60% - 0:57
2 - 49% - 40% - 0:54
Last Minute Offensive  - 1:14
Last Minute Defensive  - 0:00
Total
Forward - 60:00
Defense - 60:00

% Time on Ice - Reign

Lines # - Real PCT - Wanted PCT - Time Play
Normal Forward
1 - 30% - 35% - 15:04
2 - 29% - 35% - 14:28
3 - 25% - 25% - 12:34
4 - 15% - 5% - 7:31
Normal Defense
1 - 39% - 40% - 19:11
2 - 25% - 25% - 12:13
3 - 23% - 25% - 11:26
4 - 14% - 10% - 6:47
PP Forward
1 - 55% - 60% - 2:46
2 - 45% - 40% - 2:15
PP Defense
1 - 71% - 60% - 3:33
2 - 29% - 40% - 1:28
PK Forward
1 - 79% - 60% - 1:48
2 - 21% - 40% - 0:28
PK Defense
1 - 71% - 60% - 1:37
2 - 29% - 40% - 0:39
PK3 Forward
1 - 0% - 60%
2 - 0% - 40%
PK3 Defense
1 - 0% - 60%
2 - 0% - 40%
44 Forward
1 - 73% - 60% - 1:21
2 - 27% - 40% - 0:30
44 Defense
1 - 68% - 60% - 1:16
2 - 32% - 40% - 0:35
Last Minute Offensive  - 0:00
Last Minute Defensive  - 1:15
Total
Forward - 60:00
Defense - 60:00

Play-by-Play

1st period


0:01 of 1st period - Nick Suzuki wins face-off versus Daniel O'regan in neutral zone.
0:06 of 1st period - Snap shot by Nick Suzuki.
0:06 of 1st period - Stopped by Danil Tarasov with a rebound.
0:50 of 1st period - Slapshot by Quinn Hughes.
0:50 of 1st period - Shot Blocked by Reece Willcox.
2:12 of 1st period - Slapshot by Emile Poirier.
2:12 of 1st period - Shot Blocked by Miro Heiskanen.
2:18 of 1st period - Snap shot by Darroll Powe.
2:18 of 1st period - Shot Hit the Post.
2:20 of 1st period - Snap shot by Brendan Perlini.
2:20 of 1st period - Shot Blocked by Connor Mackey.
2:22 of 1st period - Slapshot by Samuel Girard.
2:22 of 1st period - Stopped by Danil Tarasov with a rebound.
3:16 of 1st period - Slapshot by Matt Luff.
3:16 of 1st period - Stopped by Ukko-Pekka Luukkonen with a rebound.
3:18 of 1st period - Slapshot by Connor Mackey.
3:18 of 1st period - Stopped by Ukko-Pekka Luukkonen without a rebound.
3:19 of 1st period - Christian Fischer wins face-off versus Ilya Mikheyev in Reign zone.
3:52 of 1st period - Reece Willcox is hit by Darroll Powe and loses puck.
4:24 of 1st period - Icing by Matt Luff.
4:25 of 1st period - Jason Dickinson wins face-off versus Jesperi Kotkaniemi in Little Stars zone.
4:50 of 1st period - Jacob Larsson is hit by Radel Fazleev and loses puck.
5:15 of 1st period - Slapshot by Jonathan Dahlen.
5:15 of 1st period - Shot Blocked by Darroll Powe.
5:34 of 1st period - Devon Teows is hit by Filip Chytil and loses puck.
7:08 of 1st period - Wrist shot by Cal Burke.
7:08 of 1st period - Shot Misses the Net.
7:10 of 1st period - Wrist shot by Filip Chytil.
7:10 of 1st period - Shot Misses the Net.
7:16 of 1st period - Backhand shot by Jonathan Dahlen.
7:16 of 1st period - Shot Misses the Net.
7:18 of 1st period - Wrist shot by Collin Miller.
7:18 of 1st period - Stopped by Ukko-Pekka Luukkonen with a rebound.
7:20 of 1st period - Slapshot by Collin Miller.
7:20 of 1st period - Deflect By Jonathan Dahlen.
7:20 of 1st period - Stopped by Ukko-Pekka Luukkonen with a rebound.
7:22 of 1st period - Wrist shot by Cal Burke.
7:22 of 1st period - Shot Misses the Net.
7:24 of 1st period - Backhand shot by Wiley Sherman.
7:24 of 1st period - Shot Misses the Net.
7:26 of 1st period - Slapshot by Wiley Sherman.
7:26 of 1st period - Shot Misses the Net.
7:28 of 1st period - Snap shot by Collin Miller.
7:28 of 1st period - Shot Misses the Net.
7:46 of 1st period - Snap shot by Yegor Sharangovich.
7:46 of 1st period - Stopped by Danil Tarasov with a rebound.
8:19 of 1st period - Wrist shot by Brendan Perlini.
8:19 of 1st period - Stopped by Danil Tarasov with a rebound.
8:48 of 1st period - Off-side.
8:49 of 1st period - Nick Suzuki wins face-off versus Daniel O'regan in neutral zone.
8:54 of 1st period - Slapshot by Zemgus Girgensons.
8:54 of 1st period - Stopped by Danil Tarasov with a rebound.
9:14 of 1st period - Lawrence Pilut is hit by Nicolas Hague and loses puck.
9:43 of 1st period - Off-side.
9:44 of 1st period - Daniel O'regan wins face-off versus Nick Suzuki in neutral zone.
9:57 of 1st period - Jesse Puljujarvi is hit by Ilya Mikheyev and loses puck.
10:01 of 1st period - Icing by Nicolas Hague.
10:02 of 1st period - Jason Dickinson wins face-off versus Zemgus Girgensons in Reign zone.
10:05 of 1st period - Snap shot by Shane Gersich.
10:05 of 1st period - Shot Blocked by Quinn Hughes.
11:57 of 1st period - Matt Luff is hit by Zemgus Girgensons and loses puck.
12:56 of 1st period - Josh Anderson is hit by Connor Mackey and loses puck.
13:29 of 1st period - Daniel O'regan is hit by Miro Heiskanen and loses puck.
14:29 of 1st period - Icing by Kevin Fiala.
14:30 of 1st period - Christian Fischer wins face-off versus Daniel O'regan in Reign zone.
15:58 of 1st period - Radel Fazleev is hit by Darroll Powe and loses puck.
16:29 of 1st period - Snap shot by Joakim Nygard.
16:29 of 1st period - Shot Blocked by Zemgus Girgensons.
16:31 of 1st period - Snap shot by Joakim Nygard.
16:31 of 1st period - Stopped by Ukko-Pekka Luukkonen with a rebound.
17:41 of 1st period - Josh Anderson is hit by Daniel O'regan and loses puck.
17:59 of 1st period - Lawrence Pilut is hit by Brady Tkachuk and loses puck.
18:19 of 1st period - Cal Burke is hit by Jesse Puljujarvi.
18:51 of 1st period - Kevin Fiala is hit by Evan Bouchard and loses puck.
19:10 of 1st period - Snap shot by Josh Anderson.
19:10 of 1st period - Shot Misses the Net.
19:31 of 1st period - Snap shot by Zemgus Girgensons.
19:31 of 1st period - Shot Misses the Net.
Goals for this period are 0 for Little Stars vs 0 for Reign.
Shots for this period are 5 for Little Stars vs 5 for Reign.

2nd period


0:01 of 2nd period - Christian Fischer wins face-off versus Daniel O'regan in neutral zone.
0:06 of 2nd period - Wrist shot by Christian Fischer.
0:06 of 2nd period - Shot Misses the Net.
0:08 of 2nd period - Snap shot by Christian Fischer.
0:08 of 2nd period - Deflect By Brady Tkachuk.
0:08 of 2nd period - Shot Misses the Net.
0:08 of 2nd period - Puck is out of play.
0:09 of 2nd period - Christian Fischer wins face-off versus Daniel O'regan in Little Stars zone.
0:10 of 2nd period - Slapshot by Quinn Hughes.
0:10 of 2nd period - Stopped by Danil Tarasov with a rebound.
0:12 of 2nd period - Snap shot by Kevin Fiala.
0:12 of 2nd period - Stopped by Danil Tarasov with a rebound.
0:22 of 2nd period - Snap shot by Ilya Mikheyev.
0:22 of 2nd period - Shot Misses the Net.
0:34 of 2nd period - Slapshot by Brady Tkachuk.
0:34 of 2nd period - Goal by Brady Tkachuk - Little Stars : 0 - Reign : 1.
0:35 of 2nd period - Jesse Puljujarvi wins face-off versus Daniel O'regan in neutral zone.
0:48 of 2nd period - Slapshot by Nick Suzuki.
0:48 of 2nd period - Stopped by Danil Tarasov with a rebound.
1:01 of 2nd period - Matt Luff is hit by Quinn Hughes.
1:21 of 2nd period - Snap shot by Jason Dickinson.
1:21 of 2nd period - Stopped by Ukko-Pekka Luukkonen with a rebound.
1:23 of 2nd period - Wrist shot by Emile Poirier.
1:23 of 2nd period - Goal by Emile Poirier - Little Stars : 1 - Reign : 1.
1:24 of 2nd period - Nick Suzuki wins face-off versus Daniel O'regan in neutral zone.
1:33 of 2nd period - Collin Miller is hit by Nicolas Hague and loses puck.
1:50 of 2nd period - Kevin Fiala is hit by Jason Dickinson and loses puck.
2:00 of 2nd period - Minor Penalty to Shane Gersich for Roughing.
2:01 of 2nd period - Joakim Nygard wins face-off versus Nick Suzuki in Little Stars zone.
3:53 of 2nd period - Reece Willcox is hit by Christian Fischer and loses puck.
4:00 of 2nd period - Penalty to Shane Gersich is over, Shane Gersich is back on ice.
4:06 of 2nd period - Filip Chytil is hit by Lias Andersson and loses puck.
4:47 of 2nd period - Snap shot by Cal Burke.
4:47 of 2nd period - Deflect By Michael Anderson.
4:47 of 2nd period - Stopped by Ukko-Pekka Luukkonen without a rebound.
4:48 of 2nd period - Christian Fischer wins face-off versus Filip Chytil in Reign zone.
4:48 of 2nd period - Christian Fischer is hit by Cal Burke.
4:54 of 2nd period - Snap shot by Cal Burke.
4:54 of 2nd period - Stopped by Ukko-Pekka Luukkonen without a rebound.
4:55 of 2nd period - Daniel O'regan wins face-off versus Christian Fischer in Reign zone.
5:11 of 2nd period - Slapshot by Joakim Nygard.
5:11 of 2nd period - Deflect By Ilya Mikheyev.
5:11 of 2nd period - Stopped by Ukko-Pekka Luukkonen without a rebound.
5:12 of 2nd period - Jason Dickinson wins face-off versus Nick Suzuki in Reign zone.
5:39 of 2nd period - Ilya Mikheyev is hit by Brendan Perlini and loses puck.
6:26 of 2nd period - Snap shot by Zemgus Girgensons.
6:26 of 2nd period - Goal by Zemgus Girgensons - Little Stars : 1 - Reign : 2.
6:27 of 2nd period - Christian Fischer wins face-off versus Daniel O'regan in neutral zone.
6:40 of 2nd period - Slapshot by Brady Tkachuk.
6:40 of 2nd period - Stopped by Danil Tarasov with a rebound.
6:52 of 2nd period - Wiley Sherman is hit by Zemgus Girgensons and loses puck.
7:17 of 2nd period - Wrist shot by Darroll Powe.
7:17 of 2nd period - Deflect By Yegor Sharangovich.
7:17 of 2nd period - Stopped by Danil Tarasov without a rebound.
7:18 of 2nd period - Daniel O'regan wins face-off versus Christian Fischer in Little Stars zone.
7:27 of 2nd period - Slapshot by Ilya Mikheyev.
7:27 of 2nd period - Goal by Ilya Mikheyev - Little Stars : 2 - Reign : 2.
7:28 of 2nd period - Daniel O'regan wins face-off versus Nick Suzuki in neutral zone.
7:55 of 2nd period - Snap shot by Shane Gersich.
7:55 of 2nd period - Stopped by Ukko-Pekka Luukkonen without a rebound.
7:56 of 2nd period - Jason Dickinson wins face-off versus Kevin Fiala in Reign zone.
8:21 of 2nd period - Wrist shot by Nick Suzuki.
8:21 of 2nd period - Stopped by Danil Tarasov with a rebound.
8:29 of 2nd period - Slapshot by Daniel O'regan.
8:29 of 2nd period - Stopped by Ukko-Pekka Luukkonen with a rebound.
8:31 of 2nd period - Snap shot by Joakim Nygard.
8:31 of 2nd period - Stopped by Ukko-Pekka Luukkonen without a rebound.
8:32 of 2nd period - Christian Fischer wins face-off versus Jason Dickinson in Reign zone.
8:39 of 2nd period - Slapshot by Quinn Hughes.
8:39 of 2nd period - Stopped by Danil Tarasov with a rebound.
9:13 of 2nd period - Icing by Nick Suzuki.
9:14 of 2nd period - Nick Suzuki wins face-off versus Radel Fazleev in Reign zone.
9:33 of 2nd period - Slapshot by Zemgus Girgensons.
9:33 of 2nd period - Shot Misses the Net.
9:35 of 2nd period - Wrist shot by Nick Suzuki.
9:35 of 2nd period - Stopped by Danil Tarasov with a rebound.
9:39 of 2nd period - Backhand shot by Zemgus Girgensons.
9:39 of 2nd period - Goal by Zemgus Girgensons - Little Stars : 2 - Reign : 3.
9:40 of 2nd period - Daniel O'regan wins face-off versus Kevin Fiala in neutral zone.
9:54 of 2nd period - Slapshot by Joakim Nygard.
9:54 of 2nd period - Stopped by Ukko-Pekka Luukkonen with a rebound.
10:31 of 2nd period - Snap shot by Darroll Powe.
10:31 of 2nd period - Stopped by Danil Tarasov without a rebound.
10:32 of 2nd period - Radel Fazleev wins face-off versus Christian Fischer in Little Stars zone.
10:32 of 2nd period - Radel Fazleev is hit by Christian Fischer.
10:42 of 2nd period - Slapshot by Reece Willcox.
10:42 of 2nd period - Deflect By Emile Poirier.
10:42 of 2nd period - Deflect By Christian Fischer.
10:42 of 2nd period - Stopped by Ukko-Pekka Luukkonen without a rebound.
10:43 of 2nd period - Daniel O'regan wins face-off versus Christian Fischer in Reign zone.
10:48 of 2nd period - Wrist shot by Ilya Mikheyev.
10:48 of 2nd period - Stopped by Ukko-Pekka Luukkonen with a rebound.
10:50 of 2nd period - Wrist shot by Ilya Mikheyev.
10:50 of 2nd period - Deflect By Daniel O'regan.
10:50 of 2nd period - Stopped by Ukko-Pekka Luukkonen with a rebound.
10:52 of 2nd period - Snap shot by Joakim Nygard.
10:52 of 2nd period - Deflect By Ilya Mikheyev.
10:52 of 2nd period - Shot Misses the Net.
10:52 of 2nd period - Puck is out of play.
10:53 of 2nd period - Daniel O'regan wins face-off versus Christian Fischer in Reign zone.
11:01 of 2nd period - Minor Penalty to Quinn Hughes for Charging.
11:02 of 2nd period - Darroll Powe wins face-off versus Daniel O'regan in Reign zone.
11:06 of 2nd period - Slapshot by Lias Andersson.
11:06 of 2nd period - Stopped by Danil Tarasov without a rebound.
11:07 of 2nd period - Daniel O'regan wins face-off versus Darroll Powe in Little Stars zone.
11:09 of 2nd period - Minor Penalty to Ilya Mikheyev for Charging.
11:10 of 2nd period - Nick Suzuki wins face-off versus Daniel O'regan in Little Stars zone.
12:00 of 2nd period - Jason Dickinson is hit by Christian Fischer.
12:31 of 2nd period - Slapshot by Reece Willcox.
12:31 of 2nd period - Shot Blocked by Nicolas Hague.
13:01 of 2nd period - Penalty to Quinn Hughes is over, Quinn Hughes is back on ice.
13:09 of 2nd period - Penalty to Ilya Mikheyev is over, Ilya Mikheyev is back on ice.
13:45 of 2nd period - Wrist shot by Daniel O'regan.
13:45 of 2nd period - Deflect By Quinn Hughes.
13:45 of 2nd period - Stopped by Ukko-Pekka Luukkonen with a rebound.
13:47 of 2nd period - Slapshot by Wiley Sherman.
13:47 of 2nd period - Stopped by Ukko-Pekka Luukkonen with a rebound.
13:49 of 2nd period - Slapshot by Collin Miller.
13:49 of 2nd period - Stopped by Ukko-Pekka Luukkonen without a rebound.
13:50 of 2nd period - Darroll Powe wins face-off versus Radel Fazleev in Reign zone.
14:26 of 2nd period - Slapshot by Quinn Hughes.
14:26 of 2nd period - Deflect By Filip Chytil.
14:26 of 2nd period - Stopped by Danil Tarasov with a rebound.
14:32 of 2nd period - Wrist shot by Darroll Powe.
14:32 of 2nd period - Stopped by Danil Tarasov with a rebound.
14:34 of 2nd period - Slapshot by Brendan Perlini.
14:34 of 2nd period - Stopped by Danil Tarasov with a rebound.
14:52 of 2nd period - Backhand shot by Jonathan Dahlen.
14:52 of 2nd period - Stopped by Ukko-Pekka Luukkonen with a rebound.
15:44 of 2nd period - Slapshot by Reece Willcox.
15:44 of 2nd period - Deflect By Jonathan Dahlen.
15:44 of 2nd period - Stopped by Ukko-Pekka Luukkonen with a rebound.
15:46 of 2nd period - Backhand shot by Filip Chytil.
15:46 of 2nd period - Shot Misses the Net.
15:48 of 2nd period - Snap shot by Jonathan Dahlen.
15:48 of 2nd period - Deflect By Filip Chytil.
15:48 of 2nd period - Stopped by Ukko-Pekka Luukkonen with a rebound.
16:24 of 2nd period - Slapshot by Reece Willcox.
16:24 of 2nd period - Deflect By Jonathan Dahlen.
16:24 of 2nd period - Shot Misses the Net.
16:24 of 2nd period - Puck is out of play.
16:25 of 2nd period - Nick Suzuki wins face-off versus Daniel O'regan in Reign zone.
16:25 of 2nd period - Nick Suzuki is hit by Ilya Mikheyev.
16:30 of 2nd period - Off-side.
16:31 of 2nd period - Daniel O'regan wins face-off versus Nick Suzuki in neutral zone.
17:02 of 2nd period - Snap shot by Kevin Fiala.
17:02 of 2nd period - Stopped by Danil Tarasov with a rebound.
17:20 of 2nd period - Slapshot by Wiley Sherman.
17:20 of 2nd period - Stopped by Ukko-Pekka Luukkonen with a rebound.
17:53 of 2nd period - Snap shot by Nick Suzuki.
17:53 of 2nd period - Stopped by Danil Tarasov with a rebound.
17:55 of 2nd period - Snap shot by Nick Suzuki.
17:55 of 2nd period - Stopped by Danil Tarasov without a rebound.
17:56 of 2nd period - Jason Dickinson wins face-off versus Christian Fischer in Little Stars zone.
18:07 of 2nd period - Wrist shot by Jason Dickinson.
18:07 of 2nd period - Stopped by Ukko-Pekka Luukkonen with a rebound.
18:09 of 2nd period - Snap shot by Shane Gersich.
18:09 of 2nd period - Shot Misses the Net.
18:11 of 2nd period - Slapshot by Reece Willcox.
18:11 of 2nd period - Deflect By Jason Dickinson.
18:11 of 2nd period - Deflect By Kevin Fiala.
18:11 of 2nd period - Shot Misses the Net.
18:11 of 2nd period - Puck is out of play.
18:12 of 2nd period - Daniel O'regan wins face-off versus Nick Suzuki in Reign zone.
18:13 of 2nd period - Snap shot by Joakim Nygard.
18:13 of 2nd period - Stopped by Ukko-Pekka Luukkonen without a rebound.
18:14 of 2nd period - Joakim Nygard wins face-off versus Nick Suzuki in Reign zone.
18:19 of 2nd period - Snap shot by Ilya Mikheyev.
18:19 of 2nd period - Shot Misses the Net.
18:39 of 2nd period - Jason Dickinson is hit by Brady Tkachuk.
18:46 of 2nd period - Off-side.
18:47 of 2nd period - Daniel O'regan wins face-off versus Christian Fischer in neutral zone.
19:14 of 2nd period - Icing by Zemgus Girgensons.
19:15 of 2nd period - Nick Suzuki wins face-off versus Matt Luff in Reign zone.
19:15 of 2nd period - Nick Suzuki is hit by Reece Willcox.
Goals for this period are 2 for Little Stars vs 3 for Reign.
Shots for this period are 22 for Little Stars vs 19 for Reign.

3rd period


0:01 of 3rd period - Daniel O'regan wins face-off versus Christian Fischer in neutral zone.
0:04 of 3rd period - Christian Fischer is hit by Daniel O'regan and loses puck.
1:25 of 3rd period - Minor Penalty to Jesperi Kotkaniemi for Tripping.
1:26 of 3rd period - Darroll Powe wins face-off versus Jason Dickinson in Reign zone.
1:34 of 3rd period - Slapshot by Collin Miller.
1:34 of 3rd period - Goal by Collin Miller - Little Stars : 3 - Reign : 3.
1:35 of 3rd period - Ilya Mikheyev wins face-off versus Christian Fischer in neutral zone.
1:37 of 3rd period - Off-side.
1:38 of 3rd period - Daniel O'regan wins face-off versus Christian Fischer in neutral zone.
2:16 of 3rd period - Off-side.
2:17 of 3rd period - Christian Fischer wins face-off versus Daniel O'regan in neutral zone.
2:42 of 3rd period - Jesse Puljujarvi is hit by Shane Gersich and loses puck.
4:03 of 3rd period - Slapshot by Brendan Perlini.
4:03 of 3rd period - Stopped by Danil Tarasov without a rebound.
4:04 of 3rd period - Christian Fischer wins face-off versus Ilya Mikheyev in Little Stars zone.
4:07 of 3rd period - Slapshot by Brady Tkachuk.
4:07 of 3rd period - Shot Misses the Net.
4:09 of 3rd period - Slapshot by Nicolas Hague.
4:09 of 3rd period - Deflect By Ilya Mikheyev.
4:09 of 3rd period - Stopped by Danil Tarasov with a rebound.
4:11 of 3rd period - Slapshot by Quinn Hughes.
4:11 of 3rd period - Stopped by Danil Tarasov with a rebound.
4:29 of 3rd period - Snap shot by Lias Andersson.
4:29 of 3rd period - Stopped by Danil Tarasov without a rebound.
4:30 of 3rd period - Jason Dickinson wins face-off versus Jesperi Kotkaniemi in Little Stars zone.
4:49 of 3rd period - Jason Dickinson is hit by Devon Teows and loses puck.
5:10 of 3rd period - Slapshot by Shane Gersich.
5:10 of 3rd period - Shot Misses the Net.
5:21 of 3rd period - Backhand shot by Quinn Hughes.
5:21 of 3rd period - Shot Blocked by Collin Miller.
5:23 of 3rd period - Slapshot by Quinn Hughes.
5:23 of 3rd period - Shot Misses the Net.
5:25 of 3rd period - Slapshot by Quinn Hughes.
5:25 of 3rd period - Shot Blocked by Collin Miller.
5:27 of 3rd period - Wrist shot by Lias Andersson.
5:27 of 3rd period - Stopped by Danil Tarasov without a rebound.
5:28 of 3rd period - Daniel O'regan wins face-off versus Christian Fischer in Little Stars zone.
5:28 of 3rd period - Daniel O'regan is hit by Kevin Fiala.
5:38 of 3rd period - Wrist shot by Kevin Fiala.
5:38 of 3rd period - Goal by Kevin Fiala - Little Stars : 3 - Reign : 4.
5:39 of 3rd period - Nick Suzuki wins face-off versus Daniel O'regan in neutral zone.
5:44 of 3rd period - Wrist shot by Nick Suzuki.
5:44 of 3rd period - Shot Blocked by Joakim Nygard.
5:56 of 3rd period - Slapshot by Nick Suzuki.
5:56 of 3rd period - Stopped by Danil Tarasov without a rebound.
5:57 of 3rd period - Jason Dickinson wins face-off versus Christian Fischer in Little Stars zone.
6:18 of 3rd period - Minor Penalty to Jason Dickinson for Roughing.
6:19 of 3rd period - Nick Suzuki wins face-off versus Daniel O'regan in Little Stars zone.
6:34 of 3rd period - Slapshot by Jesse Puljujarvi.
6:34 of 3rd period - Stopped by Danil Tarasov with a rebound.
8:09 of 3rd period - Emile Poirier is hit by Quinn Hughes.
8:18 of 3rd period - Penalty to Jason Dickinson is over, Jason Dickinson is back on ice.
8:33 of 3rd period - Wrist shot by Josh Anderson.
8:33 of 3rd period - Shot Misses the Net.
9:20 of 3rd period - Yegor Sharangovich is hit by Radel Fazleev and loses puck.
9:37 of 3rd period - Snap shot by Daniel O'regan.
9:37 of 3rd period - Deflect By Michael Anderson.
9:37 of 3rd period - Goal by Daniel O'regan - Little Stars : 4 - Reign : 4.
9:38 of 3rd period - Christian Fischer wins face-off versus Daniel O'regan in neutral zone.
10:23 of 3rd period - Icing by Jacob Larsson.
10:24 of 3rd period - Jesperi Kotkaniemi wins face-off versus Radel Fazleev in Reign zone.
10:35 of 3rd period - Slapshot by Josh Anderson.
10:35 of 3rd period - Stopped by Danil Tarasov without a rebound.
10:36 of 3rd period - Daniel O'regan wins face-off versus Christian Fischer in Little Stars zone.
10:36 of 3rd period - Daniel O'regan is hit by Brady Tkachuk.
10:44 of 3rd period - Ilya Mikheyev is hit by Christian Fischer and loses puck.
10:57 of 3rd period - Minor Penalty to Brady Tkachuk for Interference.
10:58 of 3rd period - Darroll Powe wins face-off versus Daniel O'regan in Reign zone.
11:23 of 3rd period - Shane Gersich is hit by Darroll Powe and loses puck.
12:21 of 3rd period - Wiley Sherman is hit by Josh Anderson and loses puck.
12:30 of 3rd period - Slapshot by Josh Anderson.
12:30 of 3rd period - Shot Blocked by Wiley Sherman.
12:32 of 3rd period - Snap shot by Miro Heiskanen.
12:32 of 3rd period - Deflect By Ilya Mikheyev.
12:32 of 3rd period - Stopped by Danil Tarasov with a rebound.
12:48 of 3rd period - Snap shot by Brendan Perlini.
12:48 of 3rd period - Stopped by Danil Tarasov with a rebound.
12:50 of 3rd period - Slapshot by Samuel Girard.
12:50 of 3rd period - Shot Blocked by Joakim Nygard.
12:57 of 3rd period - Penalty to Brady Tkachuk is over, Brady Tkachuk is back on ice.
13:14 of 3rd period - Slapshot by Samuel Girard.
13:14 of 3rd period - Stopped by Danil Tarasov without a rebound.
13:15 of 3rd period - Christian Fischer wins face-off versus Radel Fazleev in Little Stars zone.
13:38 of 3rd period - Zemgus Girgensons is hit by Shane Gersich.
14:28 of 3rd period - Slapshot by Samuel Girard.
14:28 of 3rd period - Stopped by Danil Tarasov without a rebound.
14:29 of 3rd period - Jason Dickinson wins face-off versus Nick Suzuki in Little Stars zone.
14:55 of 3rd period - Wiley Sherman is hit by Kevin Fiala and loses puck.
15:01 of 3rd period - Minor Penalty to Ilya Mikheyev for Roughing.
15:02 of 3rd period - Nick Suzuki wins face-off versus Daniel O'regan in Little Stars zone.
15:14 of 3rd period - Slapshot by Quinn Hughes.
15:14 of 3rd period - Shot Hit the Post.
15:16 of 3rd period - Snap shot by Jesse Puljujarvi.
15:16 of 3rd period - Stopped by Danil Tarasov with a rebound.
15:18 of 3rd period - Wrist shot by Brady Tkachuk.
15:18 of 3rd period - Stopped by Danil Tarasov without a rebound.
15:19 of 3rd period - Nick Suzuki wins face-off versus Daniel O'regan in Little Stars zone.
15:56 of 3rd period - Snap shot by Yegor Sharangovich.
15:56 of 3rd period - Goal by Yegor Sharangovich - Little Stars : 4 - Reign : 5.
15:57 of 3rd period - Darroll Powe wins face-off versus Radel Fazleev in neutral zone.
16:23 of 3rd period - Nick Suzuki is hit by Collin Miller.
17:38 of 3rd period - Jonathan Dahlen is hit by Devon Teows.
17:44 of 3rd period - Wrist shot by Jonathan Dahlen.
17:44 of 3rd period - Shot Misses the Net.
17:58 of 3rd period - Snap shot by Reece Willcox.
17:58 of 3rd period - Stopped by Ukko-Pekka Luukkonen with a rebound.
18:00 of 3rd period - Snap shot by Justin Auger.
18:00 of 3rd period - Deflect By Emile Poirier.
18:00 of 3rd period - Stopped by Ukko-Pekka Luukkonen with a rebound.
18:02 of 3rd period - Wrist shot by Emile Poirier.
18:02 of 3rd period - Stopped by Ukko-Pekka Luukkonen without a rebound.
18:03 of 3rd period - Nick Suzuki wins face-off versus Radel Fazleev in Reign zone.
18:55 of 3rd period - Little Stars, Danil Tarasov is pulled from the net.
19:03 of 3rd period - Snap shot by Ilya Mikheyev.
19:03 of 3rd period - Shot Misses the Net.
Goals for this period are 2 for Little Stars vs 2 for Reign.
Shots for this period are 5 for Little Stars vs 16 for Reign.